 Dungeon Crawl Stone Soup version 0.17-a0-737-gf0a300a (webtiles) character file.

123 Ngotmuk the Covered (level 4, -2/42 HPs)
             Began as a Deep Dwarf Fighter on Apr 25, 2015.
             Killed from afar by an orc wizard (9 damage)
             ... with a puff of flame
             ... on level 3 of the Dungeon.
             The game lasted 00:03:25 (1298 turns).

Ngotmuk the Covered (Deep Dwarf Fighter)            Turns: 1298, Time: 00:03:26

Health: -2/42      AC: 10    Str: 21    XL:     4   Next: 80%
Magic:  4/4        EV:  5    Int:  8    God:
Gold:   100        SH:  9    Dex: 12    Spells: 0 memorised, 3 levels left

rFire  . . .     SeeInvis .     a - +0 war axe
rCold  . . .     Clarity  .     t - +0 chain mail
rNeg   . . .     SustAb   .     c - +0 shield
rPois  .         Gourm    .     (no helmet)
rElec  .         Spirit   .     (no cloak)
rCorr  .         Warding  .     (no gloves)
rMut   .         Stasis   .     n - +0 pair of boots
MR     .....                    (no amulet)
Stlth  ..........               (no ring)
                                (no ring)

@: non-regenerating, not resistant to hostile enchantments, extremely unstealthy
A: damage resistance, recharge devices, sense surroundings 1, slow healing 3
a: Device Recharging


You were on level 3 of the Dungeon.
You were not hungry.

You visited 1 branch of the dungeon, and saw 3 of its levels.

You collected 100 gold pieces.

Inventory:

Hand weapons
 a - a +0 war axe (weapon)
Armour
 c - a +0 shield (worn)
 n - a +0 pair of boots (worn)
 t - a +0 chain mail (worn)
Magical devices
 e - a wand of heal wounds (4)
Scrolls
 h - 4 scrolls of identify {unknown}
 p - a scroll of teleportation {unknown}
 q - a scroll of recharging {unknown}
 r - a scroll of enchant armour {unknown}
 u - a scroll of remove curse {unknown}
Potions
 d - a potion of might
 g - a potion of heal wounds {unknown}
 k - a potion of cure mutation {unknown}
 l - a potion of brilliance {unknown}
 m - a potion of flight {unknown}
 o - 2 potions of curing {unknown}
 s - a potion of agility {unknown}
Comestibles
 b - a meat ration
 f - a bread ration
 i - a royal jelly
 j - a beef jerky


   Skills:
 + Level 3.5 Fighting
 + Level 3.2 Axes
 + Level 4.1 Armour
 + Level 4.1 Shields


You had 3 spell levels left.
You didn't know any spells.

Dungeon Overview and Level Annotations

Branches:
Dungeon (3/15)

Altars:
Sif Muna


Innate Abilities, Weirdness & Mutations

You are resistant to damage.
You can recharge devices by infusing magical energy.
You passively map a small area around you.
You do not heal naturally.


Message History

You hit something but do no damage. You block its attack.
You barely miss something. Something hits you but does no damage.
Something hits you but does no damage.
Your shield and chain mail prevent you from hitting something.
Something hits you but does no damage.
You closely miss something. Something hits you but does no damage.
You miss something.
You hear some strange, mumbled words.
Something tries to affect you, but you resist.
Something hits you but does no damage.
You hit something.
You hear some strange, mumbled words.
A puff of flame appears from out of thin air!
The puff of flame hits you!
* * * LOW HITPOINT WARNING * * *
You miss something.
You hear some strange, mumbled words.
A puff of flame appears from out of thin air!
The puff of flame hits you!
You die...

... * , #.### .. ##... *
* * .##.... ..# ...._.
...######## * ,#....*
...........# ...#
#...........#
#.###.###...........#
#.....{@...........)####
#####...........<(†.....
#.........####†.......
#.........# #.##...[.
#.........# #.#......
#..<......# #.#......
#.........## #.#.###..
######.....# #.#.##...
#.....# #.#.##.[.


There were no monsters in sight!

Vanquished Creatures
  An orc wizard (D:3)
  5 adders
  A giant gecko (D:1)
  A ball python (D:2)
  7 giant cockroaches
  9 goblins
  4 hobgoblins
  3 jackals (D:2)
  6 bats
  3 giant newts
  8 kobolds
  5 rats
53 creatures vanquished.

Notes
Turn   | Place    | Note
--------------------------------------------------------------
     0 | D:1      | Ngotmuk, the Deep Dwarf Fighter, began the quest for the Orb.
     0 | D:1      | Reached XP level 1. HP: 20/20 MP: 1/1
   142 | D:1      | Reached XP level 2. HP: 17/27 MP: 2/2
   601 | D:2      | Reached XP level 3. HP: 15/34 MP: 3/3
   867 | D:2      | Reached XP level 4. HP: 6/42 MP: 4/4
   867 | D:2      | Reached skill level 4 in Armour
  1277 | D:3      | Found a deep blue altar of Sif Muna.
  1298 | D:3      | Killed from afar by an orc wizard

Action                   |  1- 3 |  4- 6 || total
-------------------------+-------+-------++-------
Melee: War axe           |   116 |    46 ||   162
Evoke: Wand              |       |     1 ||     1
  Eat: Meat ration       |       |     1 ||     1
